 Dungeon Crawl Stone Soup version bcrawl-1.27.6 (webtiles) character file.

Game seed: 12258919774956915382

303097 Faustar the Destroyer (level 7, -1/36 HPs)
             Began as an Avariel Conjurer on Sept 29, 2020.
             Killed by an exploding fulminant prism (25 damage)
             ... created by the player character
             ... on level 4 of the Dungeon.
             The game lasted 00:05:50 (2723 turns).

Faustar the Destroyer (Avariel Conjurer)            Turns: 2723, Time: 00:05:51

Health: -1/36      AC:  2    Str:  6    XL:     7   Next: 88%
Magic:  1/19       EV: 12    Int: 23    God:
Gold:   178        SH:  0    Dex: 13    Spells: 13/20 levels left

rFire    . . .     SeeInvis +   b - -2 spear (curse)
rCold    . . .     Gourm    .   (no shield)
rNeg     . . .     Faith    .   a - +0 robe
rPois    .         Spirit   .   (no helmet)
rElec    .         Reflect  .   (no cloak)
rCorr    .         Harm     .   (no gloves)
MR       .....                  (no boots)
Stlth    ++........             (no amulet)
HPRegen  0.12/turn              m - ring of see invisible
MPRegen  0.16/turn              (no ring)

@: no status effects
A: no striking features
a: no special abilities


You were on level 4 of the Dungeon.
You were hungry.

You visited 1 branch of the dungeon, and saw 4 of its levels.

You collected 178 gold pieces.

Inventory:

Hand Weapons
 b - a cursed -2 spear (weapon)
Missiles
 q - 2 throwing nets {=f}
Armour
 a - a +0 robe (worn)
 d - a +0 pair of gloves
Jewellery
 m - a ring of see invisible (left hand)
 r - an uncursed ring of poison resistance {unknown}
Scrolls
 g - 5 scrolls of identify
 h - 5 scrolls of teleportation {unknown}
 i - 2 scrolls of remove curse {unknown}
 n - a scroll of amnesia {unknown}
 p - 2 scrolls of noise {unknown}
Potions
 c - 3 potions of magic
 f - a potion of curing {unknown}
 j - a potion of brilliance {unknown}
 k - a potion of mutation {unknown}
 l - a potion of might {unknown}
 o - a potion of cancellation {unknown}
Comestibles
 e - 4 rations {!d}


   Skills:
 - Level 2.1 Dodging
 - Level 2.1 Stealth
 + Level 7.3 Spellcasting
 + Level 8.7 Conjurations
 - Level 4.0 Hexes


You had 13 spell levels left.
You knew the following spells:

 Your Spells              Type           Power        Failure   Level  Hunger
a - Magic Dart            Conj           ####         1%          1    None
b - Searing Ray           Conj           #####...     1%          2    None
c - Fulminant Prism       Conj/Hex       #####.....   5%          4    ###....

Your spell library contained the following spells:

 Spells                   Type           Power        Failure   Level  Hunger
 Iskenderun's Mystic Bla  Conj           #####...     1%          3    None
 Irradiate                Conj/Tmut      ####......   34%         5    #####..


Dungeon Overview and Level Annotations

Branches:
Dungeon (4/12)
 Temple: D:4-7

Altars:


Message History

An ogre comes into view. It is wielding a +0 giant club.
Casting: Searing Ray (safe; 1% risk of failure)
Confirm with . or Enter, or press ? or * to list all spells.
Aiming: Fulminant Prism (safe; 6% risk of failure)
Press: ? - help, Dir - move target cursor You conjure a prism of explosive energy!
The bullfrog skeleton barely misses you.
Your fulminant prism crackles loudly.
You hit the bullfrog skeleton.
The bullfrog skeleton is lightly damaged.
The bullfrog skeleton barely misses you.
Your fulminant prism explodes!
The blast of energy engulfs the ogre!!
You kill the ogre!
Your Spellcasting skill increases to level 7!
The blast of energy engulfs the bullfrog skeleton!!
You destroy the bullfrog skeleton!
The blast of energy engulfs you!!
Ouch! That really hurt!
You die...

#.. ###.. .. ...
.[.# .# #...
#..###..#.
#.#.####.........
#..?.....<.....#
#...#.###.###.>#
#...#.###.###..#
##.......)......#.
#......).†@.......
#...##.###.#######
#.. #... #... #
......#####
....O.*.
##......##
.#....## ....Z.##


There were no monsters in sight!

Vanquished Creatures
  A troll (D:4)
  3 ogres
  A bullfrog (D:3)
  A crimson imp (D:4)
  A hound (D:3)
  An orc priest (D:3)
  An orc wizard (D:3)
  A bullfrog skeleton (D:4)
  A worker ant (D:3)
  3 gnolls (D:3)
  An adder (D:3)
  An ooze (D:2)
  2 worms
  A dart slug (D:2)
  2 leopard geckos
  4 orcs (D:3)
  3 bats
  3 giant cockroaches
  2 goblins
  6 hobgoblins
  4 jackals
  6 kobolds
  A quokka (D:3)
  2 ball pythons
  2 frilled lizards
  4 rats
58 creatures vanquished.

Vanquished Creatures (others)
  2 fulminant prisms (D:4)
2 creatures vanquished.

Grand Total: 60 creatures vanquished

Notes
Turn   | Place    | Note
-------+----------+-------------------------------------------
     0 | D:1      | Faustar the Avariel Conjurer began the quest for the Orb.
     0 | D:1      | Reached XP level 1. HP: 10/10 MP: 6/6
   202 | D:1      | Reached XP level 2. HP: 7/15 MP: 1/8
  1241 | D:2      | Learned a level 2 spell: Searing Ray
  1294 | D:2      | Reached XP level 3. HP: 19/19 MP: 8/10
  1363 | D:2      | Reached skill level 6 in Conjurations
  1828 | D:3      | Found a faded altar of an unknown god.
  1844 | D:3      | Reached XP level 4. HP: 24/24 MP: 9/12
  1918 | D:3      | Reached skill level 7 in Conjurations
  1918 | D:3      | Reached XP level 5. HP: 12/28 MP: 5/14
  2042 | D:3      | Reached skill level 5 in Spellcasting
  2290 | D:3      | Learned a level 4 spell: Fulminant Prism
  2355 | D:3      | Noticed a bullfrog
  2365 | D:3      | Killed a bullfrog
  2365 | D:3      | Reached skill level 1 in Hexes
  2365 | D:3      | Reached XP level 6. HP: 31/32 MP: 10/16
  2709 | D:4      | Noticed a troll
  2717 | D:4      | Reached skill level 8 in Conjurations
  2717 | D:4      | Reached XP level 7. HP: 36/36 MP: 8/18
  2720 | D:4      | Killed a troll
  2723 | D:4      | Killed by an exploding fulminant prism

Skill      XL: |  1  2  3  4  5  6  7 |
---------------+----------------------+-----
Spellcasting   | 3 4 5 6 7 |  7.3
Conjurations   | 6 7 8 |  8.7
Hexes          | 1 3 4 |  4.0
Dodging        | |  2.1
Stealth        | |  2.1

Action                   |  1- 3 |  4- 6 |  7- 9 || total
-------------------------+-------+-------+-------++-------
Melee: Spear             |    10 |     2 |     1 ||    13
 Cast: Magic Dart        |    60 |    31 |       ||    91
       Searing Ray       |     2 |     9 |     1 ||    12
       Fulminant Prism   |       |     2 |     1 ||     3
  Use: Potion            |       |     1 |       ||     1
  Eat: Chunk             |     4 |     3 |       ||     7
Armor: Robe              |     2 |     1 |       ||     3
Dodge: Dodged            |     6 |     7 |     6 ||    19
